 Dungeon Crawl Stone Soup version 0.31-a0-618-g7ca08c1ff9 (webtiles) character file.

Game seed: 16942887107542348432

3073 dialectric the Protected (level 9, 0/120 HPs)
             Began as a Minotaur Fighter on Aug 22, 2023.
             Was a Follower of Trog.
             Succumbed to a kobold brigand's poison
             ... on level 7 of the Dungeon.
             The game lasted 00:06:45 (7040 turns).

dialectric the Protected (Minotaur Fighter)         Turns: 7040, Time: 00:06:46

Health: 0/120      AC: 14    Str: 24    XL:     9   Next: 58%
Magic:  8/8        EV:  9    Int:  5    God:    Trog [*.....]
Gold:   322        SH:  0    Dex: 11    Spells: 8/8 levels left

rFire   . . .        a - +0 long sword
rCold   . . .        (no shield)
rNeg    . . .        v - +0 plate armour
rPois   .            (helmet restricted)
rElec   .            e - +0 cloak
rCorr   .            A - +0 pair of gloves
SInv    .            (no boots)
Will    .....        (no amulet) Stlth
                     (no ring)
HPRegen 0.40/turn    (no ring)
MPRegen 0.11/turn

%: no passive effects
@: berserking (expiring), lethally poisoned (0 -> -3), corroded, very quick
A: horns 2, retaliatory headbutt
a: Renounce Religion, Berserk


You were on level 7 of the Dungeon.
You worshipped Trog.
Trog was aware of your devotion.
You visited 1 branch of the dungeon, and saw 7 of its levels.

You collected 322 gold pieces.

Inventory:

Hand Weapons
 a - a +0 long sword (weapon)
 q - a +0 eveningstar
Missiles
 C - 4 datura-tipped darts (quivered)
Armour
 b - a +0 scale mail
 c - a +0 buckler
 e - a +0 cloak (worn)
 v - a +0 plate armour (worn)
 A - a +0 pair of gloves (worn)
Wands
 j - a wand of flame (19)
 p - a wand of roots (10)
 y - a wand of acid (4)
Scrolls
 f - a scroll of identify
 g - 5 scrolls of teleportation
 h - 2 scrolls of revelation {unknown}
 i - 2 scrolls of immolation {unknown}
 k - 2 scrolls of vulnerability {unknown}
 o - a scroll of blinking {unknown}
 s - 4 scrolls of fog {unknown}
 t - a scroll of enchant weapon {unknown}
 w - a scroll of noise {unknown}
 D - a scroll of silence {unknown}
 E - a scroll of fear {unknown}
Potions
 d - a potion of might
 l - a potion of brilliance
 m - a potion of attraction
 n - a potion of curing
 r - 3 potions of heal wounds
 u - a potion of resistance
 x - a potion of ambrosia
 z - 2 potions of lignification
 B - a potion of enlightenment {unknown}
 F - a potion of haste {unknown}


   Skills:
 + Level 7.7 Fighting
 - Level 5.2 Long Blades
 * Level 3.5 Maces & Flails
 + Level 11.5 Armour
 - Level 6.2 Dodging
 + Level 4.2 Shields
 + Level 0.6 Evocations


You had 8 spell levels left.
You didn't know any spells.
Your spell library contained the following spells:

 Spells                   Type           Power      Damage    Failure   Level
 Kiss of Death            Conj/Necr      0%         2d5       99%         1
 Summon Small Mammal      Summ           0%         N/A       99%         1
 Cigotuvi's Dreadful Rot  Necr/Pois/Air  0%         N/A       100%        2
 Call Canine Familiar     Summ           0%         N/A       100%        3
 Confusing Touch          Hex            0%         N/A       100%        3
 Ignite Poison            Fire/Tmut/Pois 0%         N/A       100%        3
 Summon Guardian Golem    Hex/Summ       0%         N/A       100%        3
 Dispel Undead            Necr           0%         3d6       100%        4
 Freezing Cloud           Conj/Ice/Air   0%         6-21      100%        5


Dungeon Overview and Level Annotations

Branches:
Dungeon (7/15)             Temple (0/1) D:5

Altars:
Ashenzari
Elyvilon
Fedhas
Gozag
Makhleb
Qazlal
Ru
Sif Muna
Trog
Vehumet

Shops:
D:5 [

Annotations:
D:4 2 transporters, rddays123's ghost, amateur MiFi


Innate Abilities, Weirdness & Mutations

You have a pair of horns on your head.
You reflexively headbutt those who attack you in melee.


Message History

You feel very sick.
The brown ugly thing claws you but does no damage.
You closely miss the brown ugly thing. You headbutt the brown ugly thing!
The brown ugly thing is moderately wounded.
You feel very sick. The brown ugly thing claws you.
You are splashed with acid!
Unknown command.
You closely miss the brown ugly thing.
Your headbutt misses the brown ugly thing.
The brown ugly thing is moderately wounded.
You feel sick. The brown ugly thing claws you. The acid corrodes you!
You are splashed with acid!
The kobold brigand throws a poisoned dart.
The poisoned dart barely misses you.
Unknown command.
You slash the brown ugly thing! You headbutt the brown ugly thing.
The brown ugly thing is moderately wounded.
You feel sick.
You barely miss the brown ugly thing.
Your headbutt misses the brown ugly thing.
The brown ugly thing is moderately wounded.
You feel sick. The brown ugly thing claws you.
You are splashed with acid!
Unknown command.
You barely miss the brown ugly thing.
The brown ugly thing is moderately wounded.
You feel sick. The brown ugly thing claws you.
You are splashed with acid!
The two-headed ogre hits you with a +0 giant club!!
* * * LOW HITPOINT WARNING * * *
The two-headed ogre hits you but does no damage.
You hit the brown ugly thing.
The brown ugly thing is heavily wounded.
You feel sick. The brown ugly thing claws you!
* * * LOW HITPOINT WARNING * * *
You are splashed with acid.
* * * LOW HITPOINT WARNING * * *
The kobold brigand hits you with a +0 club.
* * * LOW HITPOINT WARNING * * *
You hit the brown ugly thing.
The brown ugly thing is heavily wounded.
You die...

#...........#......###..##....
#......#.####..#.....#........
#.###+##.# #.).###..#######...
#.# ...##..###...'.### #... ..
###.....#..##...###... ###
#.#'#......#......#...
##..$###...##..#..##...
#....K.###.#.†.)..#....
##..#.O@..#####...##....
#...###.u...#.#†#.#..#.. #..##
###..##...###..#.# #...
..#...##......# #.K#
##'#.#...#..## #...
#..###..##..## ###.
##......###..## ##
#......####..##
##........##...#


You could see a brown ugly thing, a two-headed ogre and a kobold brigand.

Vanquished Creatures
  A two-headed ogre (D:7)
  Sigmund (D:2)
  A steam dragon (D:6)
  Menkaure (D:6)
  3 ice beasts
  2 black bears
  An orc warrior (D:7)
  A sky beast (D:6)
  2 ogres
  A phantom (D:7)
  Blork the orc (D:6)
  3 bullfrogs
  2 scorpions (D:7)
  A howler monkey (D:4)
  2 jellies
  4 hounds
  Crazy Yiuf (D:6)
  3 sleepcaps
  Jessica (D:2)
  2 iguanas (D:4)
  Natasha (thrice) (D:2)
  2 orc wizards
  7 gnolls
  8 adders
  2 shadow imps
  3 white imps
  A worm (D:2)
  18 orcs
  2 ball pythons (D:4)
  5 endoplasms
  5 giant cockroaches
  10 goblins
  4 hobgoblins
  10 jackals
  5 kobolds
  3 quokkas
  6 bats
  2 frilled lizards
  7 rats
137 creatures vanquished.

Notes
Turn   | Place    | Note
-------+----------+-------------------------------------------
     0 | D:1      | dialectric the Minotaur Fighter began the quest for the
                  | Orb.
     0 | D:1      | Reached XP level 1. HP: 19/19 MP: 0/0
    77 | D:1      | Reached XP level 2. HP: 27/27 MP: 1/1
   364 | D:1      | Reached skill level 4 in Armour
   642 | D:1      | Reached XP level 3. HP: 33/33 MP: 2/2
   997 | D:2      | Noticed Jessica
  1001 | D:2      | Killed Jessica
  1002 | D:2      | Reached XP level 4. HP: 31/41 MP: 3/3
  1053 | D:2      | Noticed Natasha
  1061 | D:2      | Killed Natasha
  1082 | D:2      | Noticed Natasha
  1088 | D:2      | Killed Natasha
  1089 | D:2      | Reached skill level 5 in Fighting
  1691 | D:2      | Noticed Natasha
  1702 | D:2      | Killed Natasha
  1703 | D:2      | Reached XP level 5. HP: 30/48 MP: 4/4
  1778 | D:2      | Noticed Sigmund
  1785 | D:2      | Killed Sigmund
  1786 | D:2      | Reached skill level 5 in Armour
  1786 | D:2      | Reached skill level 1 in Dodging
  1786 | D:2      | Reached XP level 6. HP: 56/56 MP: 5/5
  1888 | D:3      | Found a broken altar of Ashenzari.
  1930 | D:3      | Reached skill level 5 in Long Blades
  2522 | D:3      | Found a faded altar of an unknown god.
  2876 | D:4      | Reached skill level 6 in Armour
  2968 | D:4      | Reached XP level 7. HP: 46/61 MP: 6/6
  3181 | D:4      | Noticed a yak
  3184 | D:4      | Found a transporter.
  3187 | D:4      | Found a transporter.
  3212 | D:4      | Found a stormy altar of Qazlal.
  3259 | D:4      | Noticed rddays123's ghost (amateur MiFi)
  3266 | D:4      | Found a sacrificial altar of Ru.
  3342 | D:4      | Reached skill level 7 in Armour
  3453 | D:4      | Found a burning altar of Makhleb.
  3718 | D:4      | Found a radiant altar of Vehumet.
  3725 | D:4      | Found a shimmering blue altar of Sif Muna.
  3762 | D:5      | Entered Level 5 of the Dungeon
  3908 | D:5      | Found Peffetol's Antique Armour Shop.
  3957 | D:5      | Found a bloodstained altar of Trog.
  4214 | D:5      | Reached skill level 8 in Armour
  4392 | D:5      | Became a worshipper of Trog the Wrathful
  4464 | D:5      | Reached XP level 8. HP: 68/68 MP: 7/7
  4629 | D:5      | Found a staircase to the Ecumenical Temple.
  4834 | D:6      | Noticed Menkaure
  4962 | D:6      | Killed Menkaure
  5128 | D:6      | Reached skill level 9 in Armour
  5128 | D:6      | Reached skill level 5 in Dodging
  5322 | D:6      | Found a white marble altar of Elyvilon.
  5404 | D:6      | Found an opulent altar of Gozag.
  5831 | D:6      | Noticed Blork the orc
  5848 | D:6      | Killed Blork the orc
  5849 | D:6      | Reached skill level 10 in Armour
  6151 | D:6      | Found a runed translucent door.
  6152 | D:6      | Noticed Crazy Yiuf
  6160 | D:6      | Killed Crazy Yiuf
  6456 | D:7      | Reached skill level 1 in Maces & Flails
  6456 | D:7      | Reached XP level 9. HP: 75/75 MP: 8/8
  6529 | D:7      | Found a blossoming altar of Fedhas.
  6810 | D:7      | Reached * piety under Trog
  7022 | D:7      | Noticed a two-headed ogre
  7026 | D:7      | Noticed a brown ugly thing
  7029 | D:7      | Killed a two-headed ogre
  7030 | D:7      | Reached skill level 11 in Armour
  7032 | D:7      | Noticed a two-headed ogre
  7039 | D:7      | HP: 1/120 [kobold brigand/+0 club (6)]
  7040 | D:7      | Succumbed to a kobold brigand's poison

Illustrated notes

Levels and vault maps discovered:
D:1:      spicycebolla_green_bress_n_ham_2, layout_basic
D:2:      layout_basic, uniq_sigmund, uniq_jessica, uniq_natasha
D:3:      layout_loops_corners, nicolae_ashenzari_skybound,
          hellmonk_ecumenical_altar_heavens_door, corexii_leaking_fountain,
          grunt_ministairs_3
D:4:      layout_loops_ring, nicolae_ru_sacrificial_ziggurat,
          mainiacjoe_overflow_small_starburst, grunt_qazlal_clouds,
          mainiacjoe_overflow_big_doors, gammafunk_ghost_arena,
          nicolae_grassy_gnolls
D:5:      layout_cave_pools, mainiacjoe_overflow_six_doors_small, temple_hall,
          serial_shops, shop
D:6:      layout_loops_ring, nicolae_gozag_cash_rules_everything_around_me,
          elyvilon_altar_5, uniq_crazy_yiuf_cottage, uniq_blork_the_orc,
          uniq_menkaure
D:7:      minmay_slanted_spiral_squares, layout_basic, lemuel_doored_altar,
          serial_curves, eino_curves_03, eino_curves_04, eino_curves_04,
          eino_curves_04

Skill      XL: |  1  2  3  4  5  6  7  8  9 |
---------------+----------------------------+-----
Shields        | 4 |  4.2
Armour         | 4 5 6 8 10 11 | 11.5
Fighting       | 4 5 6 7 |  7.7
Long Blades    | 3 4 5 |  5.2
Dodging        | 1 2 4 6 |  6.2
Maces & Flails | 1 3 |  3.5
Evocations     | |  0.6

Action                     |  1- 3 |  4- 6 |  7- 9 || total
---------------------------+-------+-------+-------++-------
  Melee: Long sword        |    74 |   116 |   262 ||   452
         Headbutt          |     9 |    18 |    47 ||    74
         Punch             |       |       |     4 ||     4
 Invoke: Berserk           |       |       |     1 ||     1
  Evoke: Wand              |       |       |     3 ||     3
    Use: Scroll            |       |     1 |     6 ||     7
         Potion            |       |       |     1 ||     1
 Armour: Scale mail        |    46 |    59 |    92 ||   197
         Plate armour      |       |       |    39 ||    39
  Dodge: Dodged            |    51 |    70 |   196 ||   317

Table legend: (Time is in decaauts)
 A = Elapsed time spent in this place.
 B = Non-inter-level travel time spent in this place.
 C = Inter-level travel time spent in this place.
 D = Time resting spent in this place.
 E = Time spent auto-exploring this place.
 F = Levels seen in this place.
 G = Mean time per level.
                   A        B        C        D        E       F      G
               +--------+--------+--------+--------+--------+-----+--------+
         Total |   7120 |   6966 |    154 |    503 |   5201 |   7 | 1017.1 |
       Dungeon |   7120 |   6966 |    154 |    503 |   5201 |   7 | 1017.1 |
               +--------+--------+--------+--------+--------+-----+--------+

Top non-repeatable levels by time:
     D:6: 1340 daAuts
     D:4: 1167 daAuts
     D:5: 1004 daAuts
     D:3: 997 daAuts
     D:2: 935 daAuts
     D:1: 891 daAuts
     D:7: 784 daAuts
